 Dungeon Crawl Stone Soup version 0.23-b1-67-g8bd44de8e4 (webtiles) character file.

Game seed: 18208008189305682394

975 Kisielow the Twirler (level 8, -6/48 HPs)
             Began as a Gargoyle Gladiator on Feb 5, 2019.
             Was a Follower of Okawaru.
             Killed by divine providence
             ... invoked by an orc priest
              (12 damage)
             ... on level 5 of the Dungeon.
             The game lasted 00:11:11 (5131 turns).

Kisielow the Twirler (Gargoyle Gladiator)           Turns: 5131, Time: 00:11:12

Health: -6/48      AC: 24    Str: 21    XL:     8   Next: 16%
Magic:  8/8        EV: 11    Int:  8    God:    Okawaru [*.....]
Gold:   179        SH:  0    Dex: 11    Spells: 7/7 levels left

rFire    . . .     SeeInvis .   a - +0 quarterstaff
rCold    + . .     Gourm    .   (shield currently unavailable)
rNeg     + . .     Faith    .   o - +0 chain mail
rPois    ∞         Spirit   .   c - +0 helmet
rElec    +         Reflect  .   (no cloak)
rCorr    .         Harm     .   h - +1 pair of gloves
MR       .....                  (no boots)
Stlth    ..........             C - amulet of the acrobat
HPRegen  0.16/turn              k - ring of protection from cold
MPRegen  0.11/turn              g - +3 ring of protection

@: heroism
A: mutation resistance 1, negative energy resistance 1, sense surroundings 1,
electricity resistance, unbreathing, petrification resistance, rot immunity, AC
+5
a: Heroism, Renounce Religion


You were on level 5 of the Dungeon.
You worshipped Okawaru.
Okawaru was aware of your devotion.
You were near starving.

You visited 2 branches of the dungeon, and saw 6 of its levels.

You collected 179 gold pieces.

Inventory:

Hand Weapons
 a - a +0 quarterstaff (weapon)
Missiles
 d - 3 throwing nets (quivered)
Armour
 c - a +0 helmet (worn)
 h - a +1 pair of gloves (worn)
 o - a +0 chain mail (worn)
Jewellery
 g - a +3 ring of protection (right hand)
 j - an uncursed amulet of faith
 k - a ring of protection from cold (left hand)
 l - an uncursed ring of stealth
 q - an uncursed ring of wizardry
 z - an uncursed ring of protection from cold
 C - an amulet of the acrobat (around neck)
Wands
 m - a wand of clouds (5)
 s - a wand of iceblast (4)
 y - a wand of enslavement (8)
 B - a wand of digging (4)
Scrolls
 p - 3 scrolls of amnesia
 t - a scroll of enchant armour
 u - 3 scrolls of fog
 A - a scroll of enchant weapon {unknown}
 D - 2 scrolls of remove curse
Potions
 b - a potion of ambrosia
 e - 3 potions of curing
 i - a potion of lignification {unknown}
 n - a potion of mutation
 r - 2 potions of agility
 v - a potion of flight
 w - a potion of heal wounds {unknown}
Comestibles
 f - 9 rations


   Skills:
 + Level 4.4(9.4) Fighting
 * Level 6.6(11.6) Staves
 - Level 1.7(6.7) Throwing
 + Level 6.4(11.4) Armour
 - Level 2.4(7.4) Dodging


You had 7 spell levels left.
You didn't know any spells.
Your spell library contained the following spells:

 Spells                   Type           Power        Failure   Level  Hunger
 Freeze                   Ice            #...         95%         1    ##.....
 Throw Frost              Conj/Ice       #.....       99%         2    ###....
 Ozocubu's Armour         Chrm/Ice       #.......     100%        3    ####...
 Summon Ice Beast         Ice/Summ       #.......     100%        4    #####..
 Throw Icicle             Conj/Ice       #.......     100%        4    #####..


Dungeon Overview and Level Annotations

Branches:
Dungeon (5/15)             Temple (1/1) D:4

Altars:
Ashenzari
Cheibriados
Dithmenos
Fedhas
Gozag
Hepliaklqana
Kikubaaqudgha
Makhleb
Nemelex Xobeh
Okawaru
Ru
Sif Muna
Trog
Vehumet
Wu Jian
Xom
Zin
The Shining One


Innate Abilities, Weirdness & Mutations

You are resistant to torment.
Your stone body is resilient. (AC +5)
You are immune to poison.
You resist negative energy. (rN+)
You are resistant to electric shocks. (rElec)
You can survive without breathing.
You are immune to petrification.
You are immune to rotting.
You are somewhat resistant to further mutation.
You passively map a small area around you.


Message History

You closely miss the orc priest.
The orc priest calls down the wrath of Beogh upon you.
Pain shoots through your body!
* * * LOW HITPOINT WARNING * * *
You closely miss the orc priest.
The orc priest hits you but does no damage.
You gain the combat prowess of a mighty hero.
The orc priest barely misses you.
It was a potion of magic.
Magic courses through your body.
The orc wizard gestures wildly while chanting.
The orc wizard blinks!
The orc priest hits you but does no damage.
The orc priest mumbles some strange prayers to Beogh against you.
Pain shoots through your body!
* * * LOW HITPOINT WARNING * * *
You hit the orc priest.
The orc priest is lightly wounded.
The orc priest invokes the aid of Beogh against you.
Beogh smites you!
You die...

###.###.#.......
###.#..##.........
#...........##....
###.#.......##....
#.#.......###.#.
##........###..#
###..............
##o..........#....
#@o.............#.
###o...........#..
#..............##.
##......>.........
*##o........ .....
* ..o.......*##...
* * ....###..
##.#. ,, ..o## .#
#..#. , ...o.
###...


You could see 2 orc priests and an orc.

Vanquished Creatures
  An ice beast (D:5)
  A phantom (D:5)
  A necrophage (D:4)
  4 ogres
  A scorpion (D:4)
  An orc priest (D:4)
  An orc wizard (D:4)
  Terence (D:2)
  An iguana (D:4)
  2 worker ants
  A worker ant zombie (D:5)
  7 adders
  2 shadow imps (D:5)
  An ooze (D:3)
  An adder skeleton (D:4)
  3 worms
  A dart slug (D:4)
  3 leopard geckos
  10 orcs
  2 bats
  2 giant cockroaches (D:1)
  2 goblins
  3 hobgoblins
  3 jackals (D:1)
  5 kobolds
  3 quokkas
  4 frilled lizards
  A leopard gecko zombie (D:5)
  A quokka skeleton (D:5)
  7 rats
76 creatures vanquished.

Notes
Turn   | Place    | Note
-------+----------+-------------------------------------------
     0 | D:1      | Kisielow the Gargoyle Gladiator began the quest for the
                  | Orb.
     0 | D:1      | Reached XP level 1. HP: 12/12 MP: 1/1
    94 | D:1      | Reached XP level 2. HP: 17/17 MP: 2/2
  1018 | D:2      | Reached XP level 3. HP: 21/21 MP: 3/3
  1086 | D:2      | Reached skill level 1 in Armour
  1383 | D:2      | Noticed Terence
  1461 | D:2      | Killed Terence
  1461 | D:2      | Reached XP level 4. HP: 26/26 MP: 4/4
  1936 | D:3      | Noticed an ogre
  1952 | D:3      | Gained mutation: You are somewhat resistant to further
                  | mutation. [potion of mutation]
  1952 | D:3      | Gained mutation: You passively map a small area around you.
                  | [potion of mutation]
  1962 | D:3      | Killed an ogre
  1962 | D:3      | Reached XP level 5. HP: 12/30 MP: 5/5
  2768 | D:3      | Reached skill level 5 in Armour
  2806 | D:3      | Found an opulent altar of Gozag.
  3131 | D:4      | Reached XP level 6. HP: 34/36 MP: 6/6
  3246 | D:4      | Found a staircase to the Ecumenical Temple.
  3264 | Temple   | Entered the Ecumenical Temple
  3272 | Temple   | Became a worshipper of Warmaster Okawaru
  3941 | D:4      | Reached skill level 5 in Staves
  3941 | D:4      | Reached XP level 7. HP: 41/41 MP: 7/7
  4029 | D:4      | Found a glowing golden altar of the Shining One.
  4041 | D:4      | Found a shimmering altar of Xom.
  4193 | D:5      | Entered Level 5 of the Dungeon
  4310 | D:4      | Reached * piety under Okawaru
  4633 | D:5      | Found a shadowy altar of Dithmenos.
  4994 | D:5      | Reached XP level 8. HP: 48/48 MP: 8/8
  5131 | D:5      | Killed from afar by an orc priest

Skill      XL: |  1  2  3  4  5  6  7 |
---------------+----------------------+-----
Staves         | 4 5 6 |  6.6
Armour         | 2 4 5 6 |  6.4
Fighting       | 3 4 |  4.4
Throwing       | |  1.7
Dodging        | |  2.4

Action                   |  1- 3 |  4- 6 |  7- 9 || total
-------------------------+-------+-------+-------++-------
Melee: Quarterstaff      |    74 |   100 |   134 ||   308
       Unarmed           |     9 |       |       ||     9
Invok: Heroism           |       |       |     1 ||     1
Evoke: Wand              |       |     1 |       ||     1
  Use: Potion            |       |     2 |     1 ||     3
       Scroll            |       |    10 |       ||    10
 Stab: Sleeping          |     2 |     1 |       ||     3
  Eat: Chunk             |     1 |     3 |     1 ||     5
       Ration            |       |     2 |       ||     2
Armor: Leather armour    |    26 |    14 |       ||    40
       Skin              |     2 |       |       ||     2
       Chain mail        |       |    34 |    83 ||   117
Dodge: Dodged            |    56 |    40 |    50 ||   146
